 Dungeon Crawl Stone Soup version 0.29.1-1-gd02db6906a (webtiles) character file.

Game seed: 7951636641717011129

5831 whatisthis the Grappler (level 10, 0/84 HPs)
             Began as a Troll Berserker on Oct 13, 2022.
             Was a Priest of Trog.
             Slain by a spriggan
             ... wielding a +0 trident
              (9 damage)
             ... in a bailey.
             The game lasted 00:48:19 (7470 turns).

whatisthis the Grappler (Troll Berserker)           Turns: 7470, Time: 00:48:19

Health: 0/84       AC:  7    Str: 29    XL:     10   Next: 51%
Magic:  9/9        EV: 11    Int:  5    God:    Trog [***...]
Gold:   470        SH:  5    Dex:  9    Spells: 9/9 levels left

rFire   . . .      SeeInvis +     - Unarmed
rCold   . . .      Faith    .   (no shield)
rNeg    . . .      Spirit   .   A - +0 steam dragon scales
rPois   +          Reflect  +   (helmet restricted)
rElec   .          Harm     .   (no cloak)
rCorr   .          Rampage  .   (gloves unavailable)
Will    .....                   (boots unavailable)
Stlth   +.........              v - amulet of reflection
HPRegen 1.04/turn               x - ring of see invisible
MPRegen 0.11/turn               (no ring)

@: on berserk cooldown, hasted and slowed
A: large, unfitting armour, claws 3, regeneration 1, shaggy fur 1, tough skin 1,
hooves 1, frail 1, poison resistance, evolution 1
a: Renounce Religion, Berserk, Trog's Hand


You were in a bailey.
You worshipped Trog.
Trog was most pleased with you.
You visited 2 branches of the dungeon, and saw 9 of its levels.
You also visited: Bailey.

You collected 470 gold pieces.

Inventory:

Hand Weapons
 y - the +3 greatsling "Punk" {acid, rCorr}
   (You found it on level 7 of the Dungeon)

   Any ammunition fired from it is coated in acid, damaging and corroding those
   it strikes.
   rCorr:     It protects you from acid and corrosion.
Missiles
 s - 45 stones (quivered)
Armour
 A - +0 steam dragon scales (worn)
Jewellery
 u - an amulet of magic regeneration
 v - an amulet of reflection (around neck)
 x - a ring of see invisible (left claw)
Wands
 r - a wand of digging (5)
Scrolls
 c - a scroll of amnesia {unknown}
 e - 4 scrolls of identify {unknown}
 h - a scroll of enchant weapon {unknown}
 i - a scroll of fog {unknown}
 j - 2 scrolls of poison {unknown}
 k - a scroll of blinking {unknown}
 l - 2 scrolls of silence {unknown}
 m - 3 scrolls of magic mapping {unknown}
 n - 6 scrolls of teleportation {unknown}
 q - 5 scrolls of brand weapon {unknown}
 t - a scroll of immolation {unknown}
 w - 2 scrolls of vulnerability {unknown}
 C - a scroll of enchant armour {unknown}
Potions
 a - a potion of cancellation {unknown}
 b - a potion of attraction {unknown}
 d - 2 potions of heal wounds {unknown}
 f - 4 potions of curing
 g - 3 potions of mutation
 o - a potion of haste
 p - 2 potions of berserk rage {unknown}
 z - a potion of brilliance {unknown}
 B - a potion of magic {unknown}
 D - a potion of might


   Skills:
 + Level 4.8 Fighting
 + Level 2.0 Throwing
 + Level 6.1 Dodging
 + Level 2.6 Shields
 + Level 13.1 Unarmed Combat


You had 9 spell levels left.
You didn't know any spells.
Your spell library was empty.

Dungeon Overview and Level Annotations

Branches:
Dungeon (8/15)             Temple (1/1) D:4          Bailey (1/1)
   Lair: D:8-11

Altars:
Ashenzari
Fedhas
Gozag
Kikubaaqudgha
Makhleb
Nemelex Xobeh
Okawaru
Qazlal
Trog
Uskayaw
Vehumet
Wu Jian
Xom
Yredelemnul


Innate Abilities, Weirdness & Mutations

You are too large for most types of armour.
You have claws for hands.
Your natural rate of healing is unusually fast.
You are covered in fur. (AC +1)
You have tough skin. (AC +1)
You have large cloven feet.
You are frail. (-10% HP)
Your system is resistant to poisons. (rPois)
You have hidden genetic potential.


Message History

You closely miss the two-headed ogre. You mangle the two-headed ogre!!
You kick the two-headed ogre. You claw the two-headed ogre!
The two-headed ogre is severely wounded.
You eviscerate the two-headed ogre!!!
You kill the two-headed ogre!
Trog accepts your kill.
Your Throwing skill increases to level 2!
Your Dodging skill increases to level 6!
Your Unarmed Combat skill increases to level 13!
You feel a strong urge to attack something.
D - a potion of might
m - 3 scrolls labelled JOMPEH QETU (gained 1)
You see here a +3 vorpal war axe.
A spriggan comes into view. It is wielding a +0 trident.
The spriggan shouts!
You feel your anger nearly subside.
You are no longer berserk.
You are exhausted.
You feel yourself slow down.
The spriggan hits you from afar with a +0 trident.
Things that are here:
a +0 spear; a scroll labelled DATTUN DUTE The spriggan hits you with a +0 trident!
Things that are here:
a +0 halberd; a +0 halberd; a two-headed ogre corpse You mangle the spriggan!!
Your kick misses the spriggan.
The spriggan is severely wounded.
The spriggan hits you with a +0 trident.
You miss the spriggan.
The spriggan is severely wounded.
The spriggan hits you with a +0 trident! x2
* * * LOW HITPOINT WARNING * * *
You closely miss the spriggan. Your kick misses the spriggan.
The spriggan is severely wounded.
The spriggan hits you with a +0 trident!
* * * LOW HITPOINT WARNING * * *
You feel yourself speed up. You block the spriggan's attack.
The spriggan attacks as you move away!
The spriggan hits you with a +0 trident!
You die...

##.......##
##.........##
##.)).~~~....#
##.)#♣##~♣#♣#..
##).##.......#
#..##.)♣♣♣♣♣..♣
#..#..♣♣ ..#
#..#.)# .♣
#..♣.@♣ #
#..♣.i# #..#..♣
#..#♣.. ##..#♣.
##..##. ♣.
##..#####♣#..
##.........#
##.......#


You could see a spriggan.

Vanquished Creatures
  A two-headed ogre (Bailey)
  Erica (D:8)
  Pikel (D:5)
  5 spriggans (Bailey)
  Sigmund (D:4)
  A wyvern (D:6)
  5 steam dragons
  Edmund (D:6)
  A water moccasin (D:7)
  Duvessa (D:4)
  An ice beast (D:6)
  An orc warrior (D:6)
  2 black bears (D:6)
  4 ogres
  A centaur (D:8)
  2 bullfrogs (D:6)
  5 scorpions
  5 wights
  Dowan (D:4)
  A howler monkey (D:5)
  A crimson imp (D:4)
  A jelly (D:7)
  5 orc priests
  2 hounds (D:6)
  4 iguanas
  2 orc wizards
  7 adders
  4 gnolls
  2 shadow imps (D:7)
  2 white imps
  An ufetubus (D:5)
  3 worms
  2 dart slugs (D:2)
  19 orcs
  8 ball pythons
  9 endoplasms
  6 giant cockroaches
  11 goblins
  8 hobgoblins
  5 kobolds
  6 quokkas
  7 bats
  2 frilled lizards
  9 rats
167 creatures vanquished.

Notes
Turn   | Place    | Note
-------+----------+-------------------------------------------
     0 | D:1      | whatisthis the Troll Berserker began the quest for the Orb.
     0 | D:1      | Reached XP level 1. HP: 22/22 MP: 0/0
   199 | D:1      | Reached XP level 2. HP: 29/29 MP: 1/1
   640 | D:1      | Reached XP level 3. HP: 36/36 MP: 2/2
   647 | D:1      | Reached ** piety under Trog
  1267 | D:2      | Reached XP level 4. HP: 44/44 MP: 3/3
  1340 | D:2      | Reached skill level 4 in Unarmed Combat
  2156 | D:3      | Reached XP level 5. HP: 52/52 MP: 4/4
  2302 | D:3      | Found a broken altar of Ashenzari.
  2475 | D:3      | Found a blossoming altar of Fedhas.
  2484 | D:3      | Found a basalt altar of Yredelemnul.
  2560 | D:4      | Noticed Duvessa
  2576 | D:4      | Killed Duvessa
  2577 | D:4      | Reached skill level 5 in Unarmed Combat
  2577 | D:4      | Reached XP level 6. HP: 59/59 MP: 5/5
  2580 | D:4      | Noticed Dowan
  2723 | D:4      | Killed Dowan
  2855 | D:4      | Noticed Sigmund
  2937 | D:5      | Entered Level 5 of the Dungeon
  2979 | D:5      | Reached skill level 6 in Unarmed Combat
  3060 | D:5      | Noticed Pikel
  3079 | D:5      | Killed Pikel
  3080 | D:5      | Reached skill level 1 in Throwing
  3080 | D:5      | Reached skill level 7 in Unarmed Combat
  3080 | D:5      | Reached XP level 7. HP: 67/67 MP: 6/6
  3180 | D:5      | Found a stormy altar of Qazlal.
  3595 | D:5      | Reached skill level 8 in Unarmed Combat
  3960 | D:6      | Identified the +2 pair of boots of the Apothecary {Rampage
                  | rN+ Int+3}
  4069 | D:6      | Reached XP level 8. HP: 71/75 MP: 7/7
  4175 | D:6      | Noticed Edmund
  4195 | D:6      | Killed Edmund
  4264 | D:6      | Reached skill level 9 in Unarmed Combat
  4739 | D:6      | Reached skill level 10 in Unarmed Combat
  4882 | D:6      | Reached XP level 9. HP: 73/84 MP: 8/8
  5238 | D:6      | Found a hide-covered altar of Uskayaw.
  5245 | D:6      | Found a bloodstained altar of Trog.
  5498 | D:7      | Found the +3 greatsling "Punk" {acid, rCorr}
  5643 | D:7      | Reached *** piety under Trog
  5771 | D:7      | Reached skill level 5 in Dodging
  5860 | D:7      | Reached skill level 11 in Unarmed Combat
  5923 | D:7      | Reached skill level 1 in Shields
  5956 | D:7      | Gained mutation: You have hidden genetic potential. [potion
                  | of mutation]
  5956 | D:7      | Gained mutation: You are frail. (-10% HP) [potion of
                  | mutation]
  5956 | D:7      | Gained mutation: You have large cloven feet. [potion of
                  | mutation]
  6341 | D:4      | Killed Sigmund
  6397 | D:4      | Found a staircase to the Ecumenical Temple.
  6517 | D:4      | Found a shimmering altar of Xom.
  6517 | D:4      | Found a burning altar of Makhleb.
  6838 | Temple   | Entered the Ecumenical Temple
  7166 | D:8      | Noticed Erica
  7183 | D:8      | Killed Erica
  7184 | D:8      | Reached skill level 12 in Unarmed Combat
  7184 | D:8      | Reached XP level 10. HP: 84/84 MP: 9/9
  7233 | D:8      | Found a flagged portal.
  7256 | Bailey   | Entered a bailey
  7373 | Bailey   | Gained mutation: Your system is resistant to poisons.
                  | (rPois) [hidden potential]
  7449 | Bailey   | Noticed a two-headed ogre
  7459 | Bailey   | Killed a two-headed ogre
  7460 | Bailey   | Reached skill level 13 in Unarmed Combat
  7470 | Bailey   | Slain by a spriggan

Illustrated notes

Levels and vault maps discovered:
D:1:      nzn_arrival_depleted_hourglass, layout_loops_corners
D:2:      layout_loops_ring, kennysheep_generic_room_9
D:3:      layout_loops_ring, marbit_many_paths, mainiacjoe_overflow_swirl
D:4:      cheibrodos_pilgrimage, layout_rooms,
          grunt_temple_overflow_champion_of_chaos, minmay_temple_entry_waves,
          hangedman_feature_mirror, minmay_crystal_water,
          minmay_strange_pillars, kennysheep_generic_room_4, uniq_duvessa,
          uniq_sigmund
D:5:      layout_cave_pods, grunt_qazlal_sundering, uniq_pikel
D:6:      layout_loops_corners, amethyst_overflow_temple_binary, uniq_edmund
D:7:      layout_cave_pools
D:8:      layout_loops_ring, nicolae_sif_muna_little_library, enter_bailey_3,
          grunt_ministairs_6, uniq_psyche, uniq_erica, uniq_joseph
Temple:   hellmonk_temple_flake
Bailey:   bailey_polearm_enchanted_keep_hellmonk, bailey

Skill      XL: |  1  2  3  4  5  6  7  8  9 10 |
---------------+-------------------------------+-----
Dodging        | 3 4 5 6 |  6.1
Unarmed Combat | 4 5 7 8 10 12 13 | 13.1
Fighting       | 3 4 |  4.8
Throwing       | 1 2 |  2.0
Shields        | 1 2 |  2.6

Action                   |  1- 3 |  4- 6 |  7- 9 | 10-12 || total
-------------------------+-------+-------+-------+-------++-------
Melee: Unarmed           |   107 |    85 |   213 |    62 ||   467
       Punch             |     1 |       |     7 |     4 ||    12
       Kick              |       |       |    10 |    11 ||    21
Throw: Stone             |    14 |     3 |    15 |       ||    32
Invok: Berserk           |       |     3 |     6 |     1 ||    10
       Trog's Hand       |       |     3 |     7 |       ||    10
  Use: Potion            |       |       |     3 |     1 ||     4
 Stab: Sleeping          |     1 |     3 |       |       ||     4
Armor: Animal skin       |    46 |    18 |    26 |       ||    90
       Steam dragon scal |       |       |    12 |     9 ||    21
Dodge: Dodged            |    43 |    20 |    92 |    30 ||   185
Block: Other             |       |       |    22 |    19 ||    41
       Reflection        |       |       |     3 |     1 ||     4
